[Event "Early-Titled-Tuesday-Blitz-October-03-2023"]
[Site "Chess.com"]
[Date "2023.10.03"]
[Round "8"]
[White "Boxerandchessplayer"]
[Black "KatakuriDono"]
[Result "1/2-1/2"]
[WhiteElo "2167"]
[BlackElo "2325"]
[TimeControl "180+1"]
[EndTime "9:28:28 PDT"]
[Termination "Game drawn by repetition"]

1. d4 d5 2. c4 dxc4 3. Nf3 Nf6 4.
g3 e6 5. Bg2 Be7 6. O-O O-O 7.
Ne5 Nc6 8. Bxc6 bxc6 9. Nxc6 Qd6 10. Nxe7+ Qxe7 11. Qc2 Rd8 12. Qxc4 Bb7 13. f3 Qd6 14. Bf4 Qxd4+ 15. Qxd4 Rxd4 16. Bxc7 Rc8 17. Be5 Rb4 18. Bc3 Rb5 19. e4 Nd7 20. Na3 Rb6 21. Rfd1 Nb8 22. Rac1 h6 23. Bd4 Rbc6 24. Rxc6 Nxc6 25. Be3 a6 26.
Rc1 Nb4 27. Ra1 Nc2 28. Nxc2 Rxc2 29. Bd4 f5 30. exf5 exf5 31. Rf1 g5 32. Rf2 Rxf2 33.
Kxf2 Kf7 34. Ke3 Ke6 35. g4 f4+ 36. Ke2 Kf7 37. Bf2 Kg6 38. Bd4 h5 39. h3 hxg4 40. hxg4 Kf7 41. Bb6 Kf6 42. Bd8+ Kg6 43. Kf2 Bc6 44. b3 Bb7 45. a3 Bc6 46. a4 Bb7 47.
Ke2 Bc6 48. Be7 Bb7 49. Bd8 Bc6 50. Be7 Bb7 51. Bd8 1/2-1/2

[Event "Early-Titled-Tuesday-Blitz-October-03-2023"]
[Site "Chess.com"]
[Date "2023.10.03"]
[Round "8"]
[White "baki83"]
[Black "Galileo22"]
[Result "1-0"]
[WhiteElo "2834"]
[BlackElo "2687"]
[TimeControl "180+1"]
[EndTime "9:28:32 PDT"]
[Termination "baki83 won by checkmate"]

1. c4 e5 2. Nc3 Nf6 3. g3 Bb4 4. Bg2 Bxc3 5. bxc3 d6 6. d3 h6 7. e4 O-O 8. h3 Nc6 9. f4 Nd7 10.
f5 a6 11. a4 Re8 12. Nf3 Nc5 13. O-O Bd7 14. g4 Na5 15. Be3 b5 16. cxb5 axb5 17.
g5 Nxa4 18. gxh6 Nxc3 19. Qe1 b4 20. Kh2 f6 21. Rg1 Kf7 22. Bh1 Rg8 23. h7 Rh8 24. Rxg7+ Kxg7 25. Qg3+ Kf8 26. Bh6+ Ke7 27. Qg7+ Ke8 28.
Qxh8+ Ke7 29. Qg7+ Ke8 30. h8=Q# 1-0

[Event "Early-Titled-Tuesday-Blitz-October-03-2023"]
[Site "Chess.com"]
[Date "2023.10.03"]
[Round "8"]
[White "Hasangatin_Ramil"]
[Black "Russian_berezka"]
[Result "0-1"]
[WhiteElo "2730"]
[BlackElo "2634"]
[TimeControl "180+1"]
[EndTime "9:28:32 PDT"]
[Termination "Russian_berezka won by resignation"]

1. e4 e5 2. Nf3 Nc6 3. Bb5 a6 4. Ba4 Nf6 5. Bxc6 dxc6 6. d3 Nd7 7. Be3 f6 8. Nh4 g6 9. f4 exf4 10. Bxf4 Ne5 11. Nf3 Nxf3+ 12. Qxf3 Bc5 13. Nd2 Be6 14. Nb3 Bb6 15. Be3 O-O 16. O-O Qd6 17. Kh1 a5 18.
Nd2 Bxe3 19. Qxe3 a4 20. a3 c5 21. Rf3 Qd4 22. Rb1 Qxe3 23. Rxe3 b5 24. Kg1 Rad8 25.
Rd1 c4 26. Kf2 f5 27. e5 f4 28. Re4 cxd3 29. cxd3 Rxd3 30. Ke2 Rfd8 31. Rxf4 Bb3 32. Nxb3 Rxd1 33. Nc5 R1d5 34. Ne4 Rxe5 35. Kf3 Kg7 36.
Nc3 Rf8 0-1

[Event "Early-Titled-Tuesday-Blitz-October-03-2023"]
[Site "Chess.com"]
[Date "2023.10.03"]
[Round "8"]
[White "rasmussvane"]
[Black "ValentunHulka"]
[Result "0-1"]
[WhiteElo "2943"]
[BlackElo "2802"]
[TimeControl "180+1"]
[EndTime "9:28:34 PDT"]
[Termination "ValentunHulka won by resignation"]

1. Nf3 d5 2. g3 c5 3. Bg2 Nc6 4. O-O e5 5. d3 Be7 6. e4 d4 7. a4 h5 8. h4 Bg4 9. Na3 Nf6 10. Nc4 Qc7 11. Qe1 Nd7 12. Bd2 Nb6 13. b3 O-O-O 14.
Qc1 f6 15. a5 Nd7 16. c3 Kb8 17. Qb2 Nf8 18. cxd4 Bxf3 19. Bxf3 Nxd4 20. Bg2 g5 21. hxg5 fxg5 22. Ne3 h4 23. Bc3 Nfe6 24. Nd5 Qd7 25. a6 b6 26. Rfc1 Bd6 27. b4 Rc8 28. Rab1 Qh7 29.
g4 h3 30. Bh1 Qf7 31. Qd2 Nf3+ 32. Bxf3 Qxf3 0-1

[Event "Early-Titled-Tuesday-Blitz-October-03-2023"]
[Site "Chess.com"]
[Date "2023.10.03"]
[Round "8"]
[White "curradogianfigliazzi"]
[Black "AniJak"]
[Result "1-0"]
[WhiteElo "2273"]
[BlackElo "2365"]
[TimeControl "180+1"]
[EndTime "9:28:36 PDT"]
[Termination "curradogianfigliazzi won by resignation"]

1. e4 Nf6 2. e5 Nd5 3. d4 d6 4. exd6 cxd6 5. c4 Nb6 6. Nc3 g6 7. Be3 Bg7 8. Rc1 O-O 9. b3 e5 10. dxe5 dxe5 11. Qxd8 Rxd8 12. c5 Nd5 13. Nxd5 Rxd5 14.
Bc4 Rd8 15. Nf3 Nc6 16. Ng5 Rf8 17. O-O h6 18. Ne4 Nd4 19. Nd6 b6 20. Bd5 Rb8 21. Bxd4 exd4 22. c6 Be5 23. c7 Bxd6 24. cxb8=Q Bxb8 25. Rfd1 Be5 26. Rc6 Bb7 27. Rxg6+ Kh7 28. Rxh6+ Kxh6 29. Bxb7 Rd8 30. Be4 Kg5 31. g3 Bg7 32. h4+ Kf6 33. Kg2 Ke5 34. Kf3 Kd6 35. Rc1 Re8 36. Bd3 Re5 37. Rc8 Re1 38. Rg8 Bh6 39. Rd8+ Kc5 40.
Rc8+ Kd6 41. Rh8 Bc1 42. h5 Ke5 43. Re8+ Kf6 44. Rxe1 1-0

[Event "Early-Titled-Tuesday-Blitz-October-03-2023"]
[Site "Chess.com"]
[Date "2023.10.03"]
[Round "8"]
[White "dennisodessa"]
[Black "HanSchut"]
[Result "1-0"]
[WhiteElo "2477"]
[BlackElo "2312"]
[TimeControl "180+1"]
[EndTime "9:28:37 PDT"]
[Termination "dennisodessa won on time"]

1. d4 Nf6 2. c4 g6 3. Nc3 d5 4.
Bg5 Bg7 5. Bxf6 Bxf6 6. cxd5 c6 7.
e3 cxd5 8. Bb5+ Bd7 9. Bxd7+ Qxd7 10. Qf3 Nc6 11. Qxd5 Nb4 12. Qxd7+ Kxd7 13. O-O-O Rhc8 14. Kb1 Ke8 15. f4 e6 16. Nf3 Rc7 17. e4 Rac8 18.
a3 Nc6 19. e5 Be7 20. d5 exd5 21. Nxd5 Rd7 22. g4 Rcd8 23. Nc3 Nd4 24. Nxd4 Rxd4 25.
Rhf1 g5 26. fxg5 Rxg4 27. Rxd8+ Bxd8 28. Nb5 Be7 29. Nc7+ Kf8 30. e6 Bxg5 31. Rxf7+ Kg8 32. Rf5 h6 33. Nd5 Re4 34. Rxg5+ hxg5 35. Nf6+ 1-0

[Event "Early-Titled-Tuesday-Blitz-October-03-2023"]
[Site "Chess.com"]
[Date "2023.10.03"]
[Round "8"]
[White "astralpulse"]
[Black "MatthewG-p4p"]
[Result "0-1"]
[WhiteElo "2694"]
[BlackElo "2839"]
[TimeControl "180+1"]
[EndTime "9:28:40 PDT"]
[Termination "MatthewG-p4p won on time"]

1. Nf3 c5 2. e3 g6 3. d4 Nf6 4. c3 cxd4 5. exd4 Bg7 6. Bd3 O-O 7.
O-O d6 8. Re1 Nc6 9. h3 Re8 10.
Bf4 e5 11. dxe5 dxe5 12. Nxe5 Nh5 13. Nxc6 Rxe1+ 14. Qxe1 bxc6 15. Bxg6 hxg6 16. Be3 Be6 17. Nd2 Qd5 18. Nb3 a5 19. Rd1 Qe5 20. Nd4 Bd5 21. b3 Nf4 22. f3 Re8 23. Bf2 Nxh3+ 24. Kf1 Qb8 25. Qd2 Nxf2 26. Kxf2 Qh2 27. Qg5 Bh6 0-1

[Event "Early-Titled-Tuesday-Blitz-October-03-2023"]
[Site "Chess.com"]
[Date "2023.10.03"]
[Round "8"]
[White "becemix"]
[Black "QuintilianoR"]
[Result "0-1"]
[WhiteElo "2513"]
[BlackElo "2659"]
[TimeControl "180+1"]
[EndTime "9:28:40 PDT"]
[Termination "QuintilianoR won on time"]

1. e4 c5 2. c3 d5 3. exd5 Nf6 4. d4 Nxd5 5. dxc5 e6 6. c4 Nf6 7. Qxd8+ Kxd8 8. Bg5 Bxc5 9. Nc3 h6 10. Bh4 Ke7 11.
O-O-O Rd8 12. Rxd8 Kxd8 13. Ne4 Be7 14. Nxf6 Bxf6 15.
Bxf6+ gxf6 16. g3 Bd7 17. Bg2 Bc6 18. Bxc6 Nxc6 19. Ne2 Ke7 20. Rd1 Ne5 21. b3 Ng4 22. Rd4 f5 23. f4 Nxh2 24. Kc2 Rg8 25. c5 Rc8 26. b4 h5 27. Kc3 h4 28. gxh4 Nf3 29.
Rc4 Nxh4 30. b5 Ng2 31. Kb4 Ne3 32. Rc1 Nd5+ 33. Kb3 Rh8 34. c6 b6 35. Nd4 Rh3+ 36. Kb2 Kd6 37. a3 Rd3 38. c7 Nxc7 39. Rc6+ Kd7 40.
Kc2 Rxd4 0-1

[Event "Early-Titled-Tuesday-Blitz-October-03-2023"]
[Site "Chess.com"]
[Date "2023.10.03"]
[Round "8"]
[White "FairChess_on_YouTube"]
[Black "JoseRemolar"]
[Result "1-0"]
[WhiteElo "3049"]
[BlackElo "2476"]
[TimeControl "180+1"]
[EndTime "9:28:41 PDT"]
[Termination "FairChess_on_YouTube won by checkmate"]

1. e4 c5 2. a3 g6 3. Bc4 Bg7 4. Nf3 Nc6 5. h4 h6 6. Nc3 d6 7.
d3 Bg4 8. Be3 Nf6 9. Qd2 a6 10.
Ba2 e6 11. Nh2 e5 12. Nxg4 Nxg4 13. Nd5 O-O 14. h5 g5 15. Qe2 Nf6 16. c3 Rb8 17. g3 Nxd5 18. Bxd5 Ne7 19. Ba2 Kh8 20. f4 exf4 21.
gxf4 gxf4 22. Bxf4 f5 23. e5 Nc6 24. e6 Ne5 25. O-O-O b5 26. Rhg1 Qf6 27. d4 cxd4 28. cxd4 Ng4 29. Bxd6 Rbc8+ 30. Kb1 Rfd8 31. e7 Re8 32.
Qe6 Rc6 33. Qd7 Rxd6 34. Qxe8+ Kh7 35. Qg8# 1-0

[Event "Early-Titled-Tuesday-Blitz-October-03-2023"]
[Site "Chess.com"]
[Date "2023.10.03"]
[Round "8"]
[White "Dixit_Nikhil"]
[Black "Witik"]
[Result "0-1"]
[WhiteElo "2638"]
[BlackElo "2832"]
[TimeControl "180+1"]
[EndTime "9:28:44 PDT"]
[Termination "Witik won by resignation"]

1. e4 c5 2. Nf3 d6 3. Bb5+ Nc6 4.
O-O Bd7 5. Re1 a6 6. Bf1 Bg4 7. c3 Nf6 8. d4 cxd4 9. cxd4 Bxf3 10. gxf3 e5 11. d5 Nd4 12. Be3 Nh5 13. Bxd4 exd4 14.
Qxd4 Be7 15. Nc3 O-O 16. Ne2 Bg5 17. Ng3 Nf4 18. Ne2 Rc8 19. Nxf4 Bxf4 20. Qd3 Qg5+ 21. Bg2 Rfe8 22. h3 Re5 23. Re2 Qh4 24. Rc2 Rce8 25. Qb3 Rg5 26. Kh1 Be5 27. Qxb7 Qf4 28. Kg1 Qxf3 0-1

[Event "Early-Titled-Tuesday-Blitz-October-03-2023"]
[Site "Chess.com"]
[Date "2023.10.03"]
[Round "8"]
[White "Dr_crypt"]
[Black "GradualismUnleashed"]
[Result "0-1"]
[WhiteElo "2435"]
[BlackElo "2625"]
[TimeControl "180+1"]
[EndTime "9:28:49 PDT"]
[Termination "GradualismUnleashed won by resignation"]

1. d4 d5 2. c4 e6 3. Nc3 Nf6 4.
cxd5 exd5 5. Bg5 c6 6. e3 Be7 7.
Bd3 O-O 8. Nge2 Nbd7 9. Qc2 Re8 10. O-O Nf8 11. f3 Ng6 12. Rae1 h6 13. Bxg6 fxg6 14. Bxf6 Bxf6 15. Qxg6 Rxe3 16. Kh1 Qe8 17. Qxe8+ Rxe8 18. Rd1 Bf5 19. Kg1 Re7 20. Kf2 Rae8 21. Ng3 Bc2 22.
Rd2 Bg6 23. Nce2 Bg5 24. f4 Bh4 25. Rfd1 Bh5 26. Kf1 Bxg3 27. Nxg3 Bxd1 28. Rxd1 Rf8 29. f5 g6 30. Rd2 gxf5 31. Rf2 f4 32. Nh5 Re4 33. Rd2 f3 34. g3 f2 35. Nf4 Rfxf4 36. gxf4 Rxf4 37. b4 Kf7 38. a4 Ke6 39. b5 Kf5 40. bxc6 bxc6 41. Rc2 Rxd4 42. Rxc6 Rd2 43. Rxh6 Ra2 44. Ra6 Ke4 45. Rxa7 d4 46. Rf7 Ke3 47. Re7+ Kd3 48. Rf7 Kc3 49. Rxf2 Rxf2+ 50. Kxf2 d3 0-1

[Event "Early-Titled-Tuesday-Blitz-October-03-2023"]
[Site "Chess.com"]
[Date "2023.10.03"]
[Round "8"]
[White "azikom"]
[Black "N4700000"]
[Result "1-0"]
[WhiteElo "2577"]
[BlackElo "2398"]
[TimeControl "180+1"]
[EndTime "9:28:49 PDT"]
[Termination "azikom won on time"]

1. d4 d5 2. Nf3 e6 3. Bf4 c5 4.
e3 Nc6 5. c3 Nf6 6. Nbd2 Bd6 7.
Bg3 O-O 8. Bb5 Qe7 9. O-O Bd7 10. Ba4 Rfc8 11. Re1 Bxg3 12. hxg3 Rab8 13. Bc2 b5 14. dxc5 Qxc5 15. e4 h6 16. Nb3 Qb6 17. e5 Nh7 18. a3 a5 19. g4 Ne7 20. Qd3 Ng6 21. Qd2 Nhf8 22. g5 h5 23. Nbd4 b4 24. cxb4 axb4 25. a4 Rc4 26. Bb3 Rc5 27. g3 Rbc8 28. Kg2 R8c7 29. Rh1 Qb8 30. Rxh5 Ra7 31. Qe3 Rca5 32. Rah1 Bxa4 33. Bxa4 Rxa4 34. Nc6 Qb7 35. Nxa7 Rxa7 36. Nh4 Ra2 37. Qd4 1-0

[Event "Early-Titled-Tuesday-Blitz-October-03-2023"]
[Site "Chess.com"]
[Date "2023.10.03"]
[Round "8"]
[White "Doomfist26"]
[Black "Witty_Alien"]
[Result "1-0"]
[WhiteElo "2592"]
[BlackElo "2274"]
[TimeControl "180+1"]
[EndTime "9:28:52 PDT"]
[Termination "Doomfist26 won by checkmate"]

1. e4 c5 2. Nf3 d6 3. d4 cxd4 4. Qxd4 a6 5. c4 Nf6 6. Nc3 g6 7. Be3 Bg7 8. Qd2 Ng4 9. Bg5 h6 10. Bh4 Nc6 11. Be2 Be6 12. O-O g5 13. Bg3 Nce5 14.
Nxe5 Nxe5 15. b3 h5 16. f4 Qb6+ 17. Bf2 Qa5 18. fxe5 Qxe5 19. Rac1 h4 20. Nd5 Rc8 21. Rcd1 h3 22. Bg3 Qxe4 23. Bf3 Qg6 24. Rfe1 hxg2 25. Nxe7 Kxe7 26. Qxd6+ Ke8 27. Qd7+ Kf8 28. Qxb7 Re8 29. Bc6 Re7 30. Rd8+ Re8 31. Rxe8# 1-0

[Event "Early-Titled-Tuesday-Blitz-October-03-2023"]
[Site "Chess.com"]
[Date "2023.10.03"]
[Round "8"]
[White "ExchangeAB"]
[Black "zozik"]
[Result "1/2-1/2"]
[WhiteElo "2486"]
[BlackElo "2340"]
[TimeControl "180+1"]
[EndTime "9:28:52 PDT"]
[Termination "Game drawn by repetition"]

1. d4 Nf6 2. Nc3 d5 3. Bf4 c5 4.
e3 e6 5. Nb5 Na6 6. c3 Be7 7.
a4 O-O 8. Bd3 Bd7 9. g4 Bxb5 10.
axb5 Nc7 11. Qf3 Ne4 12. Bxc7 Qxc7 13. Bxe4 dxe4 14. Qxe4 cxd4 15. exd4 Qb6 16. Qe2 a6 17. bxa6 Rxa6 18. Rxa6 bxa6 19. Nf3 Rb8 20. O-O Qxb2 21.
Qxb2 Rxb2 22. Ra1 Rb6 23. Ne5 f6 24. Nd3 Rb3 25. Rxa6 Rxc3 26. Rxe6 Rxd3 27. Rxe7 Rxd4 28. h3 g5 29. Kg2 Rf4 30. Kg3 Ra4 31. Kf3 Rf4+ 32.
Ke3 Ra4 33. Rd7 Ra3+ 34. Rd3 Ra2 35. Rd2 Ra3+ 36. Rd3 Ra2 37. Kf3 Kg7 38. Rd7+ Kg6 39. Rb7 Ra1 40. Kg2 Ra3 41. Kh2 h5 42. Kg2 Ra4 43. Kg3 Ra3+ 44. Kg2 Rc3 45. Ra7 Rd3 46.
Rb7 hxg4 47. hxg4 Rd4 48. Kg3 Rd3+ 49. f3 Rd1 50. Ra7 Rg1+ 51. Kf2 Rd1 52. Kg2 Rd2+ 53. Kg3 Rd1 54. Kg2 Rd2+ 55. Kg3 Rd1 56. Kg2 1/2-1/2

[Event "Early-Titled-Tuesday-Blitz-October-03-2023"]
[Site "Chess.com"]
[Date "2023.10.03"]
[Round "8"]
[White "grzechu96"]
[Black "Triumphmate"]
[Result "1-0"]
[WhiteElo "2678"]
[BlackElo "2488"]
[TimeControl "180+1"]
[EndTime "9:28:53 PDT"]
[Termination "grzechu96 won on time"]

1. e4 d5 2. exd5 Nf6 3. Nf3 Bg4 4. h3 Bxf3 5. Qxf3 Qxd5 6. Be2 Nc6 7. Qxd5 Nxd5 8. c3 e5 9. d3 O-O-O 10. O-O Bd6 11.
Rd1 f5 12. Nd2 Nf4 13. Bf1 Rhe8 14. Nc4 Ne6 15. a4 a6 16. b4 b5 17. axb5 axb5 18. Na3 Na7 19. Be3 c5 20. bxc5 Bxc5 21. Bxc5 Nxc5 22. Nxb5 Nxb5 23. Ra5 Nxd3 24. Rxb5 Nf4 25. Ra1 1-0

[Event "Early-Titled-Tuesday-Blitz-October-03-2023"]
[Site "Chess.com"]
[Date "2023.10.03"]
[Round "8"]
[White "ural58"]
[Black "Orujov2008"]
[Result "0-1"]
[WhiteElo "2513"]
[BlackElo "2656"]
[TimeControl "180+1"]
[EndTime "9:28:57 PDT"]
[Termination "Orujov2008 won on time"]

1. e4 e5 2. Nf3 Nf6 3. d4 Nxe4 4. Bd3 d5 5. Nxe5 Nd7 6. Nc3 Nxc3 7. bxc3 Nxe5 8.
dxe5 c5 9. O-O c4 10. Be2 Bc5 11. Kh1 O-O 12. f4 Qa5 13. Qe1 Bf5 14. Bf3 Rfd8 15.
Be3 Bxe3 16. Qxe3 Bxc2 17. g4 d4 18. cxd4 Qb6 19. Qf2 Bd3 20. d5 Bxf1 21. Qxf1 Qc5 22. d6 c3 23. Bxb7 Rab8 24. Be4 c2 25. Rc1 Rb2 26. Qd3 Qf2 27. Bxh7+ Kf8 28. Be4 Rb1 29. Rxb1 cxb1=Q+ 30. Qxb1 Qxf4 31. d7 Qxe5 32. Bc6 Rb8 33. Qd1 Ke7 34. a4 a5 35. Kg2 Rb2+ 36. Kf3 Qf6+ 0-1

[Event "Early-Titled-Tuesday-Blitz-October-03-2023"]
[Site "Chess.com"]
[Date "2023.10.03"]
[Round "8"]
[White "TregubovP"]
[Black "PoXerStar"]
[Result "0-1"]
[WhiteElo "2597"]
[BlackElo "2447"]
[TimeControl "180+1"]
[EndTime "9:28:57 PDT"]
[Termination "PoXerStar won by resignation"]

1. e4 Nc6 2. d4 d5 3. Nc3 dxe4 4. d5 Ne5 5. Qd4 Ng6 6. Nxe4 Nf6 7. Nxf6+ exf6 8.
Bb5+ Bd7 9. Qa4 Bc5 10. Ne2 Ne5 11. Bf4 c6 12. dxc6 bxc6 13. Ba6 Ng6 14. Bg3 h5 15.
h3 h4 16. Bh2 O-O 17. O-O Bf5 18. Rad1 Qb6 19. Bd3 Bxd3 20. Rxd3 Qxb2 21. Rc3 Bb6 22.
Rxc6 Rfe8 23. Nf4 Nxf4 24. Qxf4 Qxa2 25. Qxh4 Rac8 26. Rxc8 Rxc8 27. Bg3 Qxc2 28. Re1 Qd2 29. Re7 Bc5 30. Qg4 Qc1+ 31. Kh2 Bxe7 0-1

[Event "Early-Titled-Tuesday-Blitz-October-03-2023"]
[Site "Chess.com"]
[Date "2023.10.03"]
[Round "8"]
[White "hypert"]
[Black "AEMEffi"]
[Result "1-0"]
[WhiteElo "2533"]
[BlackElo "2387"]
[TimeControl "180+1"]
[EndTime "9:28:57 PDT"]
[Termination "hypert won by resignation"]

1. d4 d5 2. c4 c6 3. Nf3 Nf6 4. e3 a6 5. b3 b5 6. Bd3 Bg4 7. Nbd2 Nbd7 8. Qc2 Rc8 9. c5 g6 10. b4 Bg7 11. Bb2 O-O 12. Ne5 Be6 13. f4 Nxe5 14. fxe5 Nd7 15. O-O f6 16. exf6 exf6 17. a4 Qe7 18.
axb5 axb5 19. e4 Bh6 20. Nf3 dxe4 21. Bxe4 f5 22. d5 Bxd5 23. Bxd5+ cxd5 24. Rfe1 Qf7 25. Ra7 Bg7 26. Ng5 Bxb2 27. Nxf7 Bd4+ 28. Kh1 Rxf7 29. Qd3 Bf6 30. Qxb5 Ne5 31. Rxf7 Nxf7 32. Qa6 1-0

[Event "Early-Titled-Tuesday-Blitz-October-03-2023"]
[Site "Chess.com"]
[Date "2023.10.03"]
[Round "8"]
[White "copanchess"]
[Black "Better_Chess_Faster"]
[Result "0-1"]
[WhiteElo "2159"]
[BlackElo "2010"]
[TimeControl "180+1"]
[EndTime "9:28:57 PDT"]
[Termination "Better_Chess_Faster won on time"]

1. e4 Nf6 2. e5 Nd5 3. c4 Nb6 4. d4 d6 5. exd6 cxd6 6. Nc3 g6 7.
Be3 Bg7 8. Rc1 O-O 9. b3 Bf5 10. Be2 d5 11. c5 Nc8 12. Bf3 e6 13. g4 Be4 14. Nxe4 dxe4 15. Bxe4 Nc6 16. Ne2 N8e7 17. O-O f5 18. gxf5 Nxf5 19. Bxf5 Rxf5 20. b4 Qh4 21.
Ng3 Rd5 22. Qb3 Rf8 23. Rcd1 Qg4 24. b5 Nxd4 25. Bxd4 Bxd4 26. c6 bxc6 27. bxc6 h5 28. Kh1 h4 29. c7 hxg3 30. fxg3 Qe4+ 31. Rf3 Rxf3 0-1

[Event "Early-Titled-Tuesday-Blitz-October-03-2023"]
[Site "Chess.com"]
[Date "2023.10.03"]
[Round "8"]
[White "Sethu0025"]
[Black "Alexei_Gubajdullin"]
[Result "1-0"]
[WhiteElo "2873"]
[BlackElo "2751"]
[TimeControl "180+1"]
[EndTime "9:29:01 PDT"]
[Termination "Sethu0025 won on time"]

1. d4 Nf6 2. c4 g6 3. Nc3 Bg7 4. e4 d6 5. Be2 O-O 6. Be3 Na6 7. Nf3 e5 8. d5 c5 9. Nd2 h5 10. f3 Kh7 11. h4 Bh6 12. Bf2 Ng8 13. g4 f5 14. exf5 gxf5 15. g5 Bg7 16. f4 exf4 17. Bxh5 Nb4 18. Be2 Bd4 19. a3 Bxf2+ 20. Kxf2 Na6 21.
Bd3 Qe7 22. Qh5+ Kg7 23. Rae1 Qc7 24. Ne2 Qb6 25. b3 Qa5 26. Nf3 Qxa3 27. Nxf4 Nb4 28.
Bb1 Qxb3 29. g6 Qb2+ 30. Kg3 1-0

[Event "Early-Titled-Tuesday-Blitz-October-03-2023"]
[Site "Chess.com"]
[Date "2023.10.03"]
[Round "8"]
[White "NowInChess"]
[Black "ChampStan"]
[Result "0-1"]
[WhiteElo "2221"]
[BlackElo "2118"]
[TimeControl "180+1"]
[EndTime "9:29:02 PDT"]
[Termination "ChampStan won on time"]

1. e4 e5 2. Nf3 Nc6 3. Bc4 Bc5 4. c3 Nf6 5. d4 exd4 6. e5 d5 7. Bb5 Ne4 8. cxd4 Bb4+ 9. Nbd2 O-O 10. a3 Bxd2+ 11.
Nxd2 Nxd4 12. Bd3 Nxd2 13. Bxd2 Re8 14. f4 Qh4+ 15. g3 Qh3 16. Be2 Qg2 17. Rf1 Bf5 18. Rc1 Qxh2 19. Be3 Qxg3+ 20. Bf2 Qxf4 21. Qxd4 Qxc1+ 22. Bd1 Bc2 23. Be3 Qxd1+ 24. Qxd1 Bxd1 25. Kxd1 Rxe5 26. Bd4 Re4 27. Bc3 d4 28. Bb4 b6 29. Rf2 c5 30. Bd2 Rae8 31. Bg5 Rg4 32. Bd2 Rg1+ 33. Kc2 c4 34. Bb4 a5 35. Bd6 Rd8 36. Bc7 Rd7 37. Bxb6 d3+ 38. Kd2 Rb1 39. Kc3 Rc1+ 40. Kd2 Rc2+ 41. Ke1 Rxf2 0-1

[Event "Early-Titled-Tuesday-Blitz-October-03-2023"]
[Site "Chess.com"]
[Date "2023.10.03"]
[Round "8"]
[White "Rozhkov_V"]
[Black "MrVenky"]
[Result "0-1"]
[WhiteElo "2436"]
[BlackElo "2562"]
[TimeControl "180+1"]
[EndTime "9:29:03 PDT"]
[Termination "MrVenky won by checkmate"]

1. e4 c5 2. Nf3 Nc6 3. d4 cxd4 4. Nxd4 Nf6 5. Nc3 d6 6. f3 e5 7. Nb3 Be6 8. Be3 a5 9. Bb5 Be7 10. Qd2 O-O 11. O-O-O Nb4 12. Kb1 d5 13. exd5 Nfxd5 14. Nxd5 Nxd5 15. Bc4 Nxe3 16. Qxe3 Qc8 17. Bxe6 Qxe6 18.
a3 a4 19. Nc1 b5 20. Rhe1 b4 21. axb4 Bxb4 22. c3 Bd6 23. Nd3 a3 24. Rd2 axb2 25.
Rxb2 Ba3 26. Rb6 Rfb8 27. Rxb8+ Rxb8+ 28. Ka1 Qa6 29. Nb2 Bxb2+ 30. Kb1 Bxc3+ 31. Kc2 Qa2+ 32.
Kd3 Bxe1 33. Qxe1 Qd5+ 34. Ke3 Qd4+ 35. Ke2 Rb2+ 36. Kf1 Qd3+ 37. Kg1 Rb1 38. Kf2 Rxe1 39. Kxe1 Qc2 40. Kf1 f5 41. h4 e4 42. fxe4 fxe4 43.
Kg1 e3 44. Kh2 e2 45. h5 e1=Q 46. h6 Qh4+ 47. Kg1 Qcf2# 0-1

[Event "Early-Titled-Tuesday-Blitz-October-03-2023"]
[Site "Chess.com"]
[Date "2023.10.03"]
[Round "8"]
[White "Larina_Maria"]
[Black "andrzej"]
[Result "0-1"]
[WhiteElo "2235"]
[BlackElo "2465"]
[TimeControl "180+1"]
[EndTime "9:29:04 PDT"]
[Termination "andrzej won by resignation"]

1. e4 e5 2. Nf3 Nf6 3. Nc3 Bb4 4. Nd5 Nxd5 5. exd5 O-O 6. Be2 e4 7. Nd4 Qg5 8. O-O Qxd5 9. c3 Bc5 10. Nb3 Bb6 11.
c4 Qf5 12. Bg4 Qe5 13. d4 exd3 14. Qxd3 d6 15. Bxc8 Rxc8 16. Bd2 Nc6 17. Bc3 Qg5 18. Rae1 Re8 19. h3 h6 20. Nd4 Ne5 21. Qd1 Nxc4 22. Nf3 Qh5 23. Qd3 d5 24. b3 Nd6 25. Re5 Qg6 26. Qxd5 Ne4 27. Nh4 Qh7 28. Qxe4 Qxe4 29. Rxe4 Rxe4 30. Nf5 f6 31. Kh2 Rae8 32. Ng3 R4e6 33.
Rd1 c6 34. f3 Bc7 35. Be1 0-1

[Event "Early-Titled-Tuesday-Blitz-October-03-2023"]
[Site "Chess.com"]
[Date "2023.10.03"]
[Round "8"]
[White "Kostya0705"]
[Black "EvgenyBurmakin"]
[Result "1-0"]
[WhiteElo "2600"]
[BlackElo "2339"]
[TimeControl "180+1"]
[EndTime "9:29:04 PDT"]
[Termination "Kostya0705 won on time"]

1. e4 c5 2. Nf3 e6 3. d4 cxd4 4. Nxd4 Nf6 5. Nc3 d6 6. g4 Nc6 7.
g5 Nd7 8. Rg1 Nde5 9. Be3 Be7 10. f4 Nd7 11. Qd2 Nc5 12. O-O-O Nxd4 13. Bxd4 O-O 14.
h4 Qc7 15. h5 Rd8 16. g6 fxg6 17. Bh3 b5 18. hxg6 h6 19. Nxb5 Qb7 20. Nc3 Rb8 21. b3 Nxe4 22. Nxe4 Qxe4 23. Rde1 Qf3 24. Bxe6+ Bxe6 25. Rxe6 Bf8 26. Rge1 Qg4 27. Qe3 Qf5 28. Kb2 Rbc8 29. Re2 a5 30. a4 h5 31. Bb6 Rd7 32. Rg2 h4 33. Rh2 h3 34.
Qxh3 Rxc2+ 35. Kb1 Rc5+ 36. Qxf5 Rxf5 37. Re3 Rxf4 38.
Reh3 Rf1+ 39. Kb2 1-0

[Event "Early-Titled-Tuesday-Blitz-October-03-2023"]
[Site "Chess.com"]
[Date "2023.10.03"]
[Round "8"]
[White "Jojo_898"]
[Black "DoctorCheckyll"]
[Result "1-0"]
[WhiteElo "2371"]
[BlackElo "2199"]
[TimeControl "180+1"]
[EndTime "9:29:04 PDT"]
[Termination "Jojo_898 won by checkmate"]

1. e4 d6 2. d4 Nf6 3. Nc3 g6 4. Nf3 Bg7 5. Be2 O-O 6. O-O a6 7. h3 Nc6 8. Bg5 h6 9. Be3 e5 10. Qd2 exd4 11. Nxd4 Nxd4 12. Bxd4 Re8 13. Bf3 Be6 14.
Rad1 Qc8 15. Rfe1 Nd7 16. Bxg7 Kxg7 17. Qd4+ Ne5 18. Be2 Kh7 19. f4 Nc6 20. Qd2 b5 21.
Bf3 Rb8 22. e5 Ne7 23. exd6 cxd6 24. Ne4 Nf5 25. Nf6+ Kg7 26. Nxe8+ Qxe8 27. Bd5 Qe7 28. g4 Nh4 29. Qd4+ Kh7 30. f5 Bxd5 31. Rxe7 Nf3+ 32. Kf2 Nxd4 33. Rxd4 Bxa2 34. b3 gxf5 35. Rxf7+ Kg6 36. Rxf5 Bb1 37. Rxd6+ Kg7 38. Rc5 Rf8+ 39. Kg2 a5 40. Rd1 Ba2 41. Ra1 a4 42. Rxa2 axb3 43. cxb3 Rf4 44. Ra6 Rb4 45. Rc7+ Kf8 46. Ra8# 1-0

[Event "Early-Titled-Tuesday-Blitz-October-03-2023"]
[Site "Chess.com"]
[Date "2023.10.03"]
[Round "8"]
[White "Korchmar_Vasiliy"]
[Black "HajiyevKanan"]
[Result "1-0"]
[WhiteElo "2684"]
[BlackElo "2530"]
[TimeControl "180+1"]
[EndTime "9:29:05 PDT"]
[Termination "Korchmar_Vasiliy won by checkmate"]

1. e4 c6 2. d4 d5 3. exd5 cxd5 4.
Bd3 Nf6 5. c3 Qc7 6. h3 Nc6 7.
Nf3 g6 8. O-O Bg7 9. Re1 O-O 10.
Bg5 Bf5 11. Bf1 Ne4 12. Be3 Rfe8 13. Nbd2 a6 14. Rc1 b5 15. Nxe4 Bxe4 16. Nd2 Bf5 17. a4 Qb6 18. b4 bxa4 19. Qxa4 a5 20. b5 Nb8 21. c4 dxc4 22. Nxc4 Qd8 23. Ne5 Nd7 24. Nc6 Qb6 25. d5 Qb7 26. Bd4 Bxd4 27.
Qxd4 Nb6 28. Re5 f6 29. Rxf5 gxf5 30. Bd3 a4 31. Bxf5 a3 32. Bxh7+ Kxh7 33. Rc3 Qc7 34.
Qh4+ Kg7 35. f4 Kf7 36. Qh7+ Kf8 37. Rg3 e5 38. Rg8# 1-0

[Event "Early-Titled-Tuesday-Blitz-October-03-2023"]
[Site "Chess.com"]
[Date "2023.10.03"]
[Round "8"]
[White "Quattroporte300"]
[Black "LuisFSiles"]
[Result "1-0"]
[WhiteElo "2384"]
[BlackElo "2269"]
[TimeControl "180+1"]
[EndTime "9:29:09 PDT"]
[Termination "Quattroporte300 won on time"]

1. e4 c5 2. Nc3 Nc6 3. Bb5 Nd4 4. Bc4 g6 5. Nge2 Bg7 6. Nxd4 cxd4 7. Qf3 Nh6 8. Ne2 O-O 9. d3 Ng4 10. Bb3 Ne5 11.
Qg3 Nc6 12. f4 d6 13. Bd2 a5 14. a4 Be6 15. Bxe6 fxe6 16. O-O Kh8 17. h4 e5 18. h5 gxh5 19. f5 Bf6 20. Qh3 h4 21. g4 hxg3 22. Kg2 Qe8 23. Rh1 Qf7 24. Nxg3 Rg8 25. Kf3 Bg5 26.
Rh2 Bxd2 27. Rxd2 Rg5 28. Rh1 Rag8 29. Rg2 d5 30. Ke2 dxe4 31. Rgh2 exd3+ 32. cxd3 R8g7 33. f6 Qxf6 34. Qc8+ 1-0